[Event "Late-Titled-Tuesday-Blitz-March-12-2024"]
[Site "Chess.com"]
[Date "2024.03.12"]
[Round "4"]
[White "dropstoneDP"]
[Black "DryCounty"]
[Result "1/2-1/2"]
[WhiteElo "2982"]
[BlackElo "2642"]
[TimeControl "180+1"]
[EndTime "14:38:37 PDT"]
[Termination "Game drawn by repetition"]

1. e4 Nf6 2. e5 Nd5 3. d4 d6 4. Nf3 g6 5. Bc4 Nb6 6. Bb3 Bg7 7. exd6 cxd6 8. O-O O-O 9. Re1 Nc6 10.
c3 e5 11. dxe5 dxe5 12. Qxd8 Rxd8 13. Ng5 Rf8 14. Be3 Na5 15. Nd2 Nxb3 16. axb3 Nd5 17. Nc4 Nxe3 18. Nxe3 b6 19. Nc4 f6 20. Ne4 Be6 21.
Ned6 Rfd8 22. Nb5 Bxc4 23. bxc4 Rd7 24. Red1 Rxd1+ 25. Rxd1 a6 26. Nc7 Rc8 27. Nxa6 Rxc4 28. Nb4 Rc8 29. Rd6 b5 30. Rb6 Rd8 31. g3 Rd2 32.
Rxb5 Rxb2 33. Rb8+ Bf8 34. Rc8 Kg7 35. Rc7+ Kh6 36. Nd5 f5 37. h4 Bg7 38. Ne7 Rb8 39.
Kg2 e4 40. Nd5 Rd8 41. c4 Be5 42. Re7 Bg7 43. Ne3 Bd4 44. Nd5 Rc8 45. Nf4 Rxc4 46. Ne6 Bf6 47. Rf7 Be5 48. Ng5 Bg7 49. Re7 Rc2 50. Kf1 Rc1+ 51. Ke2 Rc2+ 52. Kf1 Rc1+ 53. Kg2 Rc2 54. Kf1 1/2-1/2

[Event "Late-Titled-Tuesday-Blitz-March-12-2024"]
[Site "Chess.com"]
[Date "2024.03.12"]
[Round "4"]
[White "David_ATM"]
[Black "Payyappat"]
[Result "0-1"]
[WhiteElo "2380"]
[BlackElo "2559"]
[TimeControl "180+1"]
[EndTime "14:38:38 PDT"]
[Termination "Payyappat won on time"]

1. e4 c6 2. Nc3 d5 3. Nf3 dxe4 4. Nxe4 f6 5. Bc4 Nd7 6. O-O Nb6 7. Bb3 Bg4 8. h3 Bxf3 9. Qxf3 Nh6 10. Re1 Nd5 11. Nc5 Nf7 12. Ne6 Qd7 13. Bxd5 cxd5 14. Qxd5 Qxd5 15. Nc7+ Kd7 16. Nxd5 Rc8 17. c3 e6 18. Ne3 b5 19. a3 a5 20. d4 a4 21.
Nf1 Bd6 22. Be3 h5 23. f3 g5 24. Bf2 f5 25. Re2 g4 26. Rae1 Rh6 27. fxg4 hxg4 28.
hxg4 f4 29. g3 f3 30. Rc2 Rch8 31. Be3 Rh1+ 32. Kf2 R8h2+ 33. Nxh2 Rxh2+ 34. Kxf3 Rxc2 35. Rh1 Rxb2 36. Rh7 Ke8 37. g5 Nxg5+ 38. Bxg5 Rb3 39. Rh8+ Kf7 40. Bd2 Rxa3 41. Ra8 b4 42. Ke2 bxc3 43. Bc1 Ra2+ 44. Kd3 Ra1 45. Kc2 a3 46. g4 a2 47.
Ra7+ Kg6 48. Ra6 Kf6 49. g5+ Kf5 50. g6 Kxg6 51. d5 Kf5 52. dxe6 Kxe6 53. Bf4 Rf1 54. Rxd6+ Kf5 55. Ra6 a1=Q 56. Rxa1 Rxa1 0-1

[Event "Late-Titled-Tuesday-Blitz-March-12-2024"]
[Site "Chess.com"]
[Date "2024.03.12"]
[Round "4"]
[White "ahkashefi2800"]
[Black "AccioChess"]
[Result "0-1"]
[WhiteElo "2599"]
[BlackElo "2442"]
[TimeControl "180+1"]
[EndTime "14:38:42 PDT"]
[Termination "AccioChess won on time"]

1. c4 e5 2. Nc3 Nf6 3. g3 d5 4. cxd5 Nxd5 5. Bg2 Nb6 6. Nf3 Nc6 7. O-O Bd6 8. d3 O-O 9. a3 a5 10. Rb1 Be6 11.
Ng5 Bd7 12. Nge4 Be7 13. Be3 Nd4 14. f4 Nf5 15. Bxb6 cxb6 16. Qd2 exf4 17. Rxf4 Nd4 18.
Rbf1 Bc6 19. e3 Nb3 20. Qd1 Nc5 21. Nxc5 Bxc5 22. d4 Bd6 23. R4f2 b5 24. Bxc6 bxc6 25. Qb3 Qe7 26. e4 Bc7 27. e5 Bb6 28. Ne2 c5 29. Qxb5 Rab8 30. Nf4 cxd4 31. Nd5 Qxe5 32. Rf5 d3+ 33.
Kg2 Qe4+ 34. R1f3 d2 35. Nc3 Qd4 36. Qf1 f6 37. Qd1 Rbd8 38. R5f4 Qd6 39. Qb3+ Kh8 40.
Rf1 Rfe8 41. Kh3 Qd7+ 42. g4 Qd3+ 43. R4f3 Re3 44. Qd1 Rxf3+ 45. Rxf3 Qd6 46. Kg2 Bc7 47. Rh3 g6 48. Rg3 Kg7 49. Kh3 Qc6 50. Rf3 Qd7 51. Rf2 Be5 52. Rf1 Qd3+ 53. Qf3 Qxf3+ 54. Rxf3 Bxc3 0-1

[Event "Late-Titled-Tuesday-Blitz-March-12-2024"]
[Site "Chess.com"]
[Date "2024.03.12"]
[Round "4"]
[White "DavidGavrilescu18"]
[Black "newyorkmouse"]
[Result "1-0"]
[WhiteElo "2751"]
[BlackElo "2570"]
[TimeControl "180+1"]
[EndTime "14:38:43 PDT"]
[Termination "DavidGavrilescu18 won by checkmate"]

1. e4 b6 2. d4 Bb7 3. Bd3 f5 4.
exf5 Bxg2 5. Qh5+ g6 6. fxg6 Bg7 7. gxh7+ Kf8 8. hxg8=Q+ Kxg8 9. Qg4 Bxh1 10. Nc3 Nc6 11. Be3 e6 12. O-O-O Qh4 13. Qe2 Rf8 14. Bc4 Qxh2 15.
d5 Na5 16. dxe6 Nxc4 17. Qxc4 Rh4 18. Qb3 dxe6 19. Qxe6+ Kh8 20. Nge2 Bf3 21. Qe7 Rg8 22. Re1 Rh7 23. Qe6 Qe5 24. Qc4 Rd8 25. Nf4 Qd6 26.
b3 Qf6 27. Bd2 b5 28. Qxc7 Rf8 29. Rg1 b4 30. Ng6+ Kg8 31. Qc4+ Rf7 32. Qc8+ Rf8 33. Nxf8 bxc3 34. Nxh7+ Kxh7 35. Qh3+ Kg8 36. Be3 Qe7 37. Qxf3 Qa3+ 38. Kd1 Qxa2 39. Qd5+ Kh7 40. Qh5+ Kg8 41. Qe8+ Kh7 42. Qe4+ Kg8 43. Ke2 Qa6+ 44. Qc4+ Qxc4+ 45. bxc4 Kf7 46. Kd3 Bf8 47. Ra1 a5 48. Rxa5 Kg6 49.
Ra7 Kf5 50. Ra6 Be7 51. Ra7 Bf6 52. Rf7 Ke6 53. Rxf6+ Ke5 54. Kxc3 Ke4 55. Re6+ Kf3 56. Re8 Ke2 57. c5 Kd1 58. c6 Ke2 59. c7 Kd1 60. c8=Q Ke2 61. Qg4+ Kf1 62. Rg8 Ke1 63. Bd2+ Kf1 64. Qg2+ Ke2 65. f4+ Kd1 66. Qf1# 1-0

[Event "Late-Titled-Tuesday-Blitz-March-12-2024"]
[Site "Chess.com"]
[Date "2024.03.12"]
[Round "4"]
[White "KNVB"]
[Black "Der_Balak_3Halak"]
[Result "1-0"]
[WhiteElo "2772"]
[BlackElo "2451"]
[TimeControl "180+1"]
[EndTime "14:38:44 PDT"]
[Termination "KNVB won by checkmate"]

1. d4 d5 2. Bf4 Nf6 3. e3 e6 4. Nf3 Bd6 5. Nbd2 O-O 6. Bd3 b6 7. O-O Bb7 8. Ne5 Nbd7 9. Qe2 Rc8 10. Ba6 Bxa6 11. Qxa6 c5 12. Nxf7 Rxf7 13. Bxd6 cxd4 14. exd4 Rxc2 15. Qd3 Rc6 16. Bg3 Qc8 17. Rfe1 Nf8 18. h3 Ng6 19. Rad1 Nh5 20. Nf3 Nxg3 21. fxg3 Qd8 22.
Ne5 Nxe5 23. Rxe5 Qf6 24. Kh2 Qf2 25. Re2 Qf5 26. Qb5 Rfc7 27. Re5 Qf7 28. Rf1 Qd7 29. Qb4 Rc8 30. Qb5 Qe8 31. Rf2 Rc1 32. Qe2 R1c2 33.
Qxc2 Rxc2 34. Rxc2 Qd7 35. Rf2 a5 36. b3 b5 37. Re3 a4 38. bxa4 bxa4 39. Rc3 h5 40.
h4 Kh7 41. Re3 Kg6 42. Re5 Qc6 43. Rfe2 Kf6 44. Rxh5 Qb6 45. Rhe5 Qxd4 46. Rxe6+ Kf7 47. Re7+ Kg8 48. R7e5 Qc4 49. Re8+ Kh7 50. Rd2 Qc3 51.
Rxd5 Qc6 52. Red8 Qf6 53. Rd2 a3 54. R8d6 Qf8 55. Rd7 Qb4 56. R2d4 Qb2 57. Rg4 Qb4 58. Rxb4 Kh6 59. Rd5 g5 60. Rxg5 Kh7 61. Rb6 Kh8 62. Rh6# 1-0

[Event "Late-Titled-Tuesday-Blitz-March-12-2024"]
[Site "Chess.com"]
[Date "2024.03.12"]
[Round "4"]
[White "FairChess_on_YouTube"]
[Black "Anton_Demchenko"]
[Result "1-0"]
[WhiteElo "3118"]
[BlackElo "2941"]
[TimeControl "180+1"]
[EndTime "14:38:46 PDT"]
[Termination "FairChess_on_YouTube won by resignation"]

1. e4 e5 2. Nf3 Nc6 3. Bb5 a6 4. Ba4 Nge7 5. O-O Ng6 6. c3 d6 7.
d4 Bd7 8. Re1 Be7 9. Nbd2 O-O 10.
Nf1 Bg4 11. Bxc6 Nh4 12. N1d2 bxc6 13. h3 Bh5 14. dxe5 Qc8 15. exd6 cxd6 16. g4 Bxg4 17.
hxg4 Qxg4+ 18. Kf1 Qh3+ 19. Ke2 Ng2 20. Rh1 Qg4 21. Qg1 f5 22. Kf1 Nf4 23. Qxg4 fxg4 24. Nd4 Nh3 25. f3 g6 26. Nxc6 Bg5 27. Nd4 Rae8 28.
Kg2 d5 29. Rxh3 gxh3+ 30. Kxh3 Be3 31. Kg2 Rf4 32. exd5 Bxd4 33. cxd4 Rxd4 34. Ne4 Kf8 35. Bh6+ Ke7 36. d6+ Ke6 37. Rc1 Rd8 38. Rc7 Kd5 39.
Rxh7 Rc4 40. Bg5 Rc2+ 41. Kg3 Rb8 42. d7 Rcxb2 43. d8=Q+ Rxd8 44. Bxd8 Rxa2 45. Rd7+ Kc4 46. Rd6 a5 47. Bxa5 Rxa5 48. Rxg6 Kd4 49. Kf4 Ra8 50. Rd6+ Kc4 51. Rd2 Rf8+ 52. Ke3 Rg8 53. f4 Rh8 54. f5 Rh1 55. Kf4 Rf1+ 56. Ke5 Re1 57. f6 Rf1 58. Ke6 Re1 59. Ke5 Rf1 60. Rd7 Kb5 61. f7 Kc6 62.
Rd6+ Kc7 63. Rf6 1-0

[Event "Late-Titled-Tuesday-Blitz-March-12-2024"]
[Site "Chess.com"]
[Date "2024.03.12"]
[Round "4"]
[White "Cuchulin"]
[Black "Fjal"]
[Result "0-1"]
[WhiteElo "2026"]
[BlackElo "2313"]
[TimeControl "180+1"]
[EndTime "14:38:48 PDT"]
[Termination "Fjal won by resignation"]

1. d4 d6 2. Bf4 Nd7 3. Nf3 g6 4. Nc3 Bg7 5. e4 e5 6. dxe5 dxe5 7. Be3 c6 8. Qd2 Ngf6 9. O-O-O Qa5 10. Bc4 b5 11. Bxf7+ Kxf7 12. Ng5+ Ke8 13. Qd6 Qd8 14. Ne6 Qe7 15. Nc7+ Kf7 16. Nxa8 Qxd6 17. Rxd6 Ke7 18.
Rhd1 Bb7 19. Nc7 Rc8 20. N7xb5 cxb5 21. Nxb5 Bxe4 22. Nc3 Bxg2 23. Bg5 Rc7 24. f4 exf4 25. R6d2 Bf3 26. Re1+ Kf7 27. Bxf4 Rb7 28. Bd6 Bf8 29. Bxf8 Nxf8 30. b3 h6 31. Rd6 N8h7 32. Rf1 Bg2 33. Rf2 Rc7 34. Kb2 Bc6 35. a4 Ke7 36. Rd1 Ng5 37. Re1+ Kf7 38. Ref1 Nh7 39. b4 Kg7 40. b5 Bb7 41. Kb3 Ne4 42. Nxe4 Bxe4 43. Kb4 Ng5 44. c4 Bd3 45. Rc1 Ne4 46. Rf3 Rd7 47. a5 g5 48.
b6 axb6 49. axb6 g4 50. Rf4 h5 51. Re1 Nf6 52. c5 Nd5+ 53. Ka5 Nxf4 54. c6 Rd5+ 55. Kb4 Rb5+ 56. Kc3 Rxb6 57. Kd4 Rxc6 58. Ra1 Rf6 59. Ke3 Kg6 60. Ra5 Bc4 61. Rb5 Bf7 62. Ra5 Nd5+ 63.
Ke4 h4 64. Rxd5 Bxd5+ 65. Kxd5 g3 0-1

[Event "Late-Titled-Tuesday-Blitz-March-12-2024"]
[Site "Chess.com"]
[Date "2024.03.12"]
[Round "4"]
[White "enriquebutti"]
[Black "N4700000"]
[Result "0-1"]
[WhiteElo "2231"]
[BlackElo "2497"]
[TimeControl "180+1"]
[EndTime "14:38:51 PDT"]
[Termination "N4700000 won by resignation"]

1. d4 Nf6 2. Nf3 e6 3. e3 d5 4. Bd3 c5 5. b3 Nc6 6. a3 Be7 7.
Bb2 cxd4 8. exd4 O-O 9. Nbd2 b6 10. O-O Bb7 11. Re1 Bd6 12. Ne5 Ne7 13. Re3 Ng6 14. Nxg6 hxg6 15. Rh3 Re8 16. Qf3 e5 17. dxe5 Bxe5 18.
Bxe5 Rxe5 19. Qf4 Qe7 20. Nf3 Rh5 21. Rxh5 Nxh5 22. Qd4 Qc5 23. b4 Qxd4 24. Nxd4 Nf4 25. Re1 Nxd3 26. cxd3 Kf8 27. f4 Rc8 28. Nb5 Rc2 29.
Nxa7 d4 30. g3 Rg2+ 31. Kf1 Rxh2 32. Re5 Ra2 33. Nb5 Ba6 34. Nxd4 Bxd3+ 35. Ke1 Rxa3 36. Re3 Ra1+ 37. Kd2 Bc4 38. Rc3 b5 39. Ke3 Rb1 40. Nc2 Rb3 41. Rxb3 Bxb3 42. Nd4 Bc4 43. Nc2 Ke7 44.
Kd4 Kd6 45. Ne3 Be2 46. f5 g5 47. Nd5 f6 48. Nc3 Bf1 49. Ne4+ Kc6 50. Nc5 Bh3 51.
Ke4 Bg2+ 52. Kd4 Bd5 53. g4 Bc4 54. Ne4 Be2 55. Nc5 Bxg4 56. Ke4 Bh3 57. Ne6 g6 58. Nxg5 Bxf5+ 0-1

[Event "Late-Titled-Tuesday-Blitz-March-12-2024"]
[Site "Chess.com"]
[Date "2024.03.12"]
[Round "4"]
[White "Hrant_ChessMood"]
[Black "reevecanada"]
[Result "1-0"]
[WhiteElo "2976"]
[BlackElo "2634"]
[TimeControl "180+1"]
[EndTime "14:38:52 PDT"]
[Termination "Hrant_ChessMood won by resignation"]

1. c4 c6 2. Nf3 Nf6 3. g3 g6 4. b3 Bg7 5. Bb2 O-O 6. Bg2 d5 7. O-O Nbd7 8. d3 Re8 9. Nbd2 a5 10. a3 e5 11. cxd5 cxd5 12. Qc2 Ra6 13. Rac1 Rc6 14. Qb1 Qb6 15. e3 Qa6 16. d4 e4 17. Ne5 Nxe5 18.
dxe5 Nd7 19. e6 Rexe6 20. Bxg7 Kxg7 21. b4 axb4 22. axb4 Rxc1 23. Qxc1 Rc6 24. Qb2+ Nf6 25. Nb3 Rb6 26. Nd4 Bd7 27. h3 Qc4 28. Rb1 Qc8 29.
Kh2 Ra6 30. Rc1 Qa8 31. Rc2 Ra1 32. Nb3 Rd1 33. Nc5 Be8 34. Rc1 Rxc1 35. Qxc1 b6 36. Nb3 Qc6 37. Qb2 Qc4 38. Nd4 Bd7 39. Kg1 h5 40. Bf1 Qc7 41. Qa1 h4 42. g4 Qe5 43.
Qa7 Bxg4 44. Qxb6 Bf3 45. Nc6 Qg5+ 46. Kh2 Nh5 47. Qc7 Nf6 48. Qe5 Qh6 49. Nd4 Qh5 50.
Qxh5 Nxh5 51. b5 Nf6 52. b6 Nd7 53. b7 Bd1 54. Bb5 Nb8 55. Nc6 Nd7 56. Nb4 Nb8 57.
Na6 Nxa6 58. Bxa6 d4 59. exd4 e3 60. fxe3 g5 61. b8=Q g4 62. Qe5+ f6 63. Qe7+ Kg6 64. hxg4 Bxg4 65. Bd3+ 1-0

[Event "Late-Titled-Tuesday-Blitz-March-12-2024"]
[Site "Chess.com"]
[Date "2024.03.12"]
[Round "4"]
[White "Slovak_fighter2000"]
[Black "baki83"]
[Result "0-1"]
[WhiteElo "2604"]
[BlackElo "2842"]
[TimeControl "180+1"]
[EndTime "14:38:52 PDT"]
[Termination "baki83 won on time"]

1. d4 d5 2. Nf3 Nf6 3. c4 e6 4. Nc3 Bb4 5. cxd5 exd5 6. Bg5 h6 7.
Bxf6 Qxf6 8. e3 O-O 9. Be2 c6 10.
O-O Bf5 11. Qb3 Qe7 12. a3 Bd6 13. Qd1 Nd7 14. h3 Nf6 15. Bd3 Ne4 16. Bxe4 dxe4 17. Nd2 Rad8 18. Qe2 Bb8 19. Rfc1 Rd6 20. f4 exf3 21.
Nxf3 Re8 22. Re1 Re6 23. d5 Rxe3 24. Qxe3 Qxe3+ 25. Rxe3 Rxe3 26. dxc6 bxc6 27. Rd1 Bc7 28. Kf2 Bb6 29. Kg3 Re7 30. Nd4 Bd7 31. Nf3 g5 32. Rd2 f5 33. Na4 f4+ 34. Kh2 Be3 35. Rd6 Kg7 36. Ne5 Be8 37. Ng4 c5 38. Nxh6 Bxa4 39.
Nf5+ Kf7 40. Nxe7 Kxe7 41. Ra6 Bb5 42. Rxa7+ Kf6 43. a4 Bd3 44. a5 Bd4 45. Rb7 Ke5 46. Rb6 Kd5 47. a6 Bxa6 48. Rxa6 Bxb2 49. Kg1 c4 50.
Ra8 c3 51. Rc8 Kd4 52. Kf2 Kd3 53. Kf3 c2 54. g3 c1=Q 55. Rxc1 Bxc1 56. gxf4 gxf4 57.
h4 Kd4 58. h5 Ke5 59. h6 Kf6 60. h7 Kg7 0-1

[Event "Late-Titled-Tuesday-Blitz-March-12-2024"]
[Site "Chess.com"]
[Date "2024.03.12"]
[Round "4"]
[White "RianKapriaga"]
[Black "PNEPaul"]
[Result "1/2-1/2"]
[WhiteElo "2294"]
[BlackElo "1957"]
[TimeControl "180+1"]
[EndTime "14:38:55 PDT"]
[Termination "Game drawn - timeout vs insufficient material"]

1. d4 a6 2. e4 d6 3. c3 g6 4. Nf3 h6 5. Bd3 Bg7 6. O-O Nd7 7. Qe2 e5 8. dxe5 dxe5 9. Rd1 Ne7 10. Nbd2 O-O 11.
Nc4 Nc6 12. a4 Kh7 13. a5 f5 14. b3 f4 15. Ba3 Re8 16. Ra2 Qf6 17. Rad2 g5 18. h3 Qg6 19. Bc2 Nf6 20. Rd5 Be6 21.
Ncxe5 Nxe5 22. Rxe5 Nd7 23. Rxe6 Qxe6 24. e5+ Kg8 25. Be4 c6 26. Bd3 Nxe5 27. Nxe5 Qxe5 28.
Qh5 Qf6 29. Bc4+ Kh8 30. Rd7 Rad8 31. Be7 Qxe7 32. Rxe7 Rxe7 33. g3 fxg3 34. fxg3 Re1+ 35. Kf2 Red1 36. Qf7 Rf8 37. Ke2 Rxf7 38. Bxf7 Rc1 39. c4 Rc3 40. Be6 Rxb3 41. c5 Rxg3 42. Bc8 h5 43. Bxb7 g4 44. hxg4 hxg4 45. Bxc6 Rc3 46. Bb7 Rxc5 47. Bxa6 Rxa5 48. Bb7 g3 49. Kf3 Ra3+ 50.
Kg2 Be5 51. Be4 Kg8 52. Kh3 Kg7 53. Kg2 Kf6 54. Kh3 Kg5 55. Kg2 Kf4 56. Bc6 Ra2+ 57.
Kh1 Rh2+ 58. Kg1 Bd4+ 59. Kf1 g2+ 60. Bxg2 Be3 61. Bc6 Rf2+ 62. Ke1 Rc2 63. Ba4 Rc1+ 64. Ke2 Ra1 65. Bc6 Ra2+ 66. Kf1 Kg3 67. Ke1 1/2-1/2

[Event "Late-Titled-Tuesday-Blitz-March-12-2024"]
[Site "Chess.com"]
[Date "2024.03.12"]
[Round "4"]
[White "ural58"]
[Black "GoValya"]
[Result "1/2-1/2"]
[WhiteElo "2496"]
[BlackElo "2265"]
[TimeControl "180+1"]
[EndTime "14:38:56 PDT"]
[Termination "Game drawn - insufficient material"]

1. e4 e6 2. d4 d5 3. Nc3 Bb4 4.
Ne2 dxe4 5. a3 Bxc3+ 6. Nxc3 Nf6 7. Bg5 O-O 8. Nxe4 Nbd7 9. Nxf6+ Nxf6 10. Qd2 c5 11.
dxc5 Qxd2+ 12. Bxd2 Bd7 13. O-O-O Rac8 14. f3 Nd5 15. b4 Ba4 16. Bd3 b6 17. cxb6 axb6 18. Kb2 Rc7 19. Rc1 b5 20. c4 bxc4 21. Bxc4 Rfc8 22.
Bd3 Rd8 23. Be4 Rcd7 24. Rc5 Nf6 25. Bc3 Nxe4 26. fxe4 f6 27. Rc1 Kf7 28. Ra5 Bc6 29. e5 Bd5 30. exf6 gxf6 31. b5 Bxg2 32. a4 Bd5 33. Ra6 Rg8 34. Rc2 Rg1 35. Re2 Bc4 36. Rf2 Rf1 37. Rxf1 Bxf1 38. b6 Bxa6 39. a5 Bb7 40. Kb3 Rd5 41. Kb4 Ke7 42. Be1 f5 43. Bh4+ Kd6 44. Bd8 Kc6 45. Bc7 Rxa5 46. Kxa5 f4 47. Bxf4 Kd5 48. Kb4 Ke4 49. Bg3 e5 50. Kc3 Kd5 51. Kd3 Ba6+ 52. Kd2 Bb7 53. Bf2 Ke4 54. Bc5 Kf3 55. Bd6 e4 56. Bc5 Kg2 57. Bd6 h5 58. Ke3 h4 59. Bc7 h3 60. Be5 Kf1 61. Bd6 Ke1 62. Bg3+ Kd1 63. Bf4 Kc2 64. Kf2 Kd3 65. Kg3 e3 66. Kxh3 e2 67. Bg3 Kc4 68. Bf2 Kb5 69. Kg4 e1=Q 70. Bxe1 Kxb6 71. h4 Be4 72. Kf4 Bc2 73. h5 Kc6 74. h6 Kd6 75. h7 Bxh7 1/2-1/2

[Event "Late-Titled-Tuesday-Blitz-March-12-2024"]
[Site "Chess.com"]
[Date "2024.03.12"]
[Round "4"]
[White "SlavenPastar"]
[Black "Roedor"]
[Result "1-0"]
[WhiteElo "2583"]
[BlackElo "2282"]
[TimeControl "180+1"]
[EndTime "14:38:57 PDT"]
[Termination "SlavenPastar won by checkmate"]

1. b3 e5 2. Bb2 Nc6 3. Nf3 e4 4. Nd4 Nf6 5. e3 h5 6. d3 exd3 7. Bxd3 h4 8. h3 d5 9. Nxc6 bxc6 10. Nd2 Bd6 11. Qf3 Qe7 12. e4 Be5 13. Bxe5 Qxe5 14. O-O O-O 15. Rfe1 Qg5 16. Rad1 Be6 17. e5 Nh5 18. Bf1 a5 19. a4 Rab8 20. Kh2 Rb4 21.
Qe3 Qg6 22. Bd3 Bf5 23. Nf3 Re8 24. Bxf5 Qxf5 25. Nd4 Qg6 26. Nxc6 Qxc6 27. Qg5 Qg6 28. Qe3 Nf4 29. Rg1 Ne6 30. Rxd5 Rd8 31. Rgd1 Rxd5 32. Rxd5 Nf4 33. Rd8+ Kh7 34. Qf3 Qg5 35. Qa8 Re4 36. Rh8+ Kg6 37. Qc6+ f6 38. Qxe4+ f5 39. Qf3 Ne6 40. Re8 Kf7 41. Rxe6 Kxe6 42. Qc6+ Kxe5 43. Qxc7+ Ke6 44. Qc4+ Kf6 45. Qc6+ Kf7 46. Qd7+ Kg6 47. Qe8+ Kh6 48. Qe3 f4 49. Qf3 Qf5 50. Qg4 Qe5 51. Qxh4+ Kg6 52. Qg4+ Kf6 53. Qf3 g5 54. g3 Qc7 55. h4 Kg6 56. hxg5 Qh7+ 57. Kg2 fxg3 58.
Qxg3 Qb7+ 59. Qf3 Qb4 60. Qf6+ Kh5 61. Qh6+ Kg4 62. f3+ Kf5 63. Qf6# 1-0

[Event "Late-Titled-Tuesday-Blitz-March-12-2024"]
[Site "Chess.com"]
[Date "2024.03.12"]
[Round "4"]
[White "IMRosen"]
[Black "tandaleo"]
[Result "1/2-1/2"]
[WhiteElo "2690"]
[BlackElo "2484"]
[TimeControl "180+1"]
[EndTime "14:39:01 PDT"]
[Termination "Game drawn by repetition"]

1. e4 e5 2. Nf3 Nc6 3. c3 Nf6 4. d4 exd4 5. e5 Nd5 6. Qb3 Nb6 7. cxd4 d6 8. Bb5 dxe5 9. Nxe5 Qf6 10. O-O Be6 11.
Qg3 Bd5 12. Nc3 Be7 13. Nxd5 Nxd5 14. Nxc6 bxc6 15. Bg5 Qg6 16. Bxe7 Qxg3 17. Bxc6+ Kxe7 18. hxg3 Rad8 19. Rac1 Nb4 20. Rfe1+ Kf6 21. Bb5 c6 22. a3 cxb5 23. axb4 Rxd4 24. Rc6+ Kg5 25. Rc5+ Kg6 26.
Rxb5 Rc8 27. Re2 Rd1+ 28. Kh2 Rcc1 29. g4 Re1 30. Rd2 Red1 31. Re2 Re1 32. Rxe1 Rxe1 33. f3 Rb1 34. Ra5 Rxb2 35. Ra6+ f6 36. Ra4 h6 37.
Kg3 Kh7 38. Kh3 Kg6 39. Kg3 Kh7 40. Rxa7 Rxb4 41. Ra6 Kg6 42. Ra8 Rb3 43. Ra2 Rb4 44. Rc2 Rb3 45. Rc4 Rb2 46. Rd4 Ra2 47. Kh3 Rb2 48. Rd3 Ra2 49. Rd8 Rb2 50. g3 Rf2 51. f4 Ra2 52. Rd3 Rb2 53. Rc3 Ra2 54. Rb3 Rc2 55. Rb7 Ra2 56. Rb5 Rc2 57. Rb8 Ra2 58. Rh8 Rc2 59. f5+ Kf7 60. Ra8 Rb2 61. Ra7+ Kg8 62. Ra8+ Kf7 63. Ra6 Rc2 64. Ra1 Rb2 65. Rd1 Ra2 66. Rd7+ Kg8 67. Rc7 Rb2 68. Ra7 Kf8 69.
Rd7 Ra2 70. Rb7 Rc2 71. Ra7 Rb2 72. Ra8+ Kf7 1/2-1/2

[Event "Late-Titled-Tuesday-Blitz-March-12-2024"]
[Site "Chess.com"]
[Date "2024.03.12"]
[Round "4"]
[White "Shahdad2007"]
[Black "SchmakAttack"]
[Result "0-1"]
[WhiteElo "2589"]
[BlackElo "2814"]
[TimeControl "180+1"]
[EndTime "14:39:02 PDT"]
[Termination "SchmakAttack won by checkmate"]

1. Nf3 Nf6 2. c4 e6 3. g3 d5 4. Bg2 Be7 5. O-O O-O 6. d4 dxc4 7. Qc2 a6 8. a4 Bd7 9. Qxc4 Bc6 10. Bg5 Bd5 11.
Qc2 Be4 12. Qc1 Nbd7 13. Nc3 Bc6 14. Re1 h6 15. Bxf6 Nxf6 16. e4 Bb4 17. Qc2 b6 18. Rad1 a5 19. Ne5 Bb7 20. d5 exd5 21. exd5 Re8 22. Qf5 Bxc3 23. bxc3 Qd6 24. c4 Re7 25.
Nd3 Rae8 26. Rxe7 Rxe7 27. h3 g6 28. Qf4 Qxf4 29. Nxf4 Ne8 30. Bf1 Nd6 31. Rb1 Bc8 32.
Ng2 Bf5 33. Rc1 Nb7 34. Ne3 Bd7 35. Ra1 Nc5 36. d6 cxd6 37. Nd5 Re5 38. Nxb6 Bc6 39. Bg2 Bxg2 40. Kxg2 Re2 41. Rd1 Rb2 42. Rxd6 Ne4 43.
Rc6 Rxf2+ 44. Kg1 Rc2 45. Nd5 Nxg3 46. c5 Kg7 47. Rc8 Ne4 48. c6 Nd6 49. Rc7 h5 50. Ne7 g5 51. Rd7 Ne8 52. Rd8 Nc7 53. Rd7 Ne6 54.
Ra7 Rc5 55. Rd7 g4 56. hxg4 hxg4 57. Rd3 Kf6 58. Nd5+ Kg5 59. Ne7 f5 60. Rd6 Nf4 61. Rd7 g3 62. Rd1 Kg4 63. Ng8 Rc2 64. Nf6+ Kf3 65. Rf1+ Ke3 66. Rxf4 Kxf4 67. c7 Kf3 68. Kf1 Rc1# 0-1

[Event "Late-Titled-Tuesday-Blitz-March-12-2024"]
[Site "Chess.com"]
[Date "2024.03.12"]
[Round "4"]
[White "ShahMatKanal"]
[Black "ArtemDyachuk"]
[Result "1-0"]
[WhiteElo "2512"]
[BlackElo "2684"]
[TimeControl "180+1"]
[EndTime "14:39:05 PDT"]
[Termination "ShahMatKanal won by checkmate"]

1. d4 Nf6 2. Nf3 g6 3. Bf4 Bg7 4. e3 O-O 5. Be2 d6 6. h3 b6 7.
O-O Bb7 8. c4 Nbd7 9. Nc3 a6 10.
Qc2 Qe8 11. d5 e5 12. Bh2 e4 13. Nd4 Nc5 14. b4 Nd3 15. Bxd3 exd3 16. Qxd3 Nd7 17. Rac1 Ne5 18. Qe2 a5 19. a3 axb4 20. axb4 Nd7 21. Nc6 Bxc6 22. dxc6 Nf6 23. Nd5 Nxd5 24. cxd5 Qe4 25.
Qc4 Qxc4 26. Rxc4 b5 27. Re4 Rfe8 28. Rxe8+ Rxe8 29. Rc1 Ra8 30. Bf4 Kf8 31. e4 Ke7 32.
Bg5+ f6 33. Be3 Ra4 34. Bb6 Kd8 35. Ba5 Bh6 36. Re1 Bd2 37. Rb1 Bc3 38. Kh2 Be5+ 39. g3 Ra2 40. Kg2 Bd4 41. Rf1 Rb2 42. Kf3 Bc3 43.
Ke3 Rb3 44. Ke2 Bd4 45. h4 h5 46. f3 Bc3 47. g4 Be5 48. gxh5 gxh5 49. Rg1 Rb2+ 50. Ke3 Rb3+ 51. Kd2 Rxf3 52. Rg8+ Ke7 53. Bxc7 Bc3+ 54. Ke2 Rf4 55. Rg7+ Ke8 56. Bxd6 Rxe4+ 57. Kd3 Rc4 58. c7 Be5 59. Re7+ Kf8 60. Rxe5+ Kf7 61.
Re7+ Kg6 62. Bc5 Rg4 63. c8=Q Rg3+ 64. Be3 Rg1 65. Qg8+ Kf5 66. Qe6+ Kg6 67. Qe4+ f5 68. Qe6# 1-0

[Event "Late-Titled-Tuesday-Blitz-March-12-2024"]
[Site "Chess.com"]
[Date "2024.03.12"]
[Round "4"]
[White "ukchessbomber"]
[Black "Schattman"]
[Result "0-1"]
[WhiteElo "2627"]
[BlackElo "2451"]
[TimeControl "180+1"]
[EndTime "14:39:05 PDT"]
[Termination "Schattman won on time"]

1. h4 d5 2. g3 e5 3. Bg2 Nc6 4.
d3 h6 5. Nd2 Nf6 6. c3 Be6 7.
Qc2 Qd7 8. Ngf3 O-O-O 9. b4 e4 10. dxe4 dxe4 11. Nd4 Nxd4 12. cxd4 e3 13. fxe3 Bd6 14. Ne4 Nxe4 15. Qxe4 Bxg3+ 16. Kd1 c6 17. Qd3 Bc7 18. Bd2 f5 19. a4 h5 20. b5 Bd5 21. bxc6 Qxc6 22.
Qxf5+ Kb8 23. Bxd5 Rxd5 24. Qc2 Qd7 25. a5 a6 26. Rb1 Rc8 27. Qa2 g6 28. Rg1 Rf8 29. Rb2 Rdf5 30. Qb3 Rb5 31. Qa4 Bh2 32. Rg5 Rf1+ 33. Be1 Qc6 34. Rgxb5 axb5 35. Qxb5 Qxb5 36. Rxb5 Bg3 37. Rg5 Rxe1+ 38. Kd2 Bxh4 39. Rxg6 Bf2 40. Rg2 Rf1 41. Rg8+ Ka7 42. d5 h4 43. d6 Bg3 44.
d7 Bc7 45. Rc8 Bxa5+ 46. Kc2 Bb6 47. d8=Q Bxd8 48. Rxd8 Rf2 49. Kd3 Rh2 50. Rh8 Kb6 51. Rh5 Kc6 52. e4 Kd6 53. Rh6+ Ke5 54. Rh5+ Ke6 55.
Rh6+ Ke5 56. Rh7 b5 57. Rh5+ Ke6 58. Rxb5 Rh1 59. Rh5 h3 60. Ke3 h2 61. Rh6+ Ke5 62.
Rh5+ Ke6 63. e5 Kd5 64. Kf2 Ke6 65. Ke3 Kd5 66. Kd2 Ke6 67. e4 Ra1 0-1

[Event "Late-Titled-Tuesday-Blitz-March-12-2024"]
[Site "Chess.com"]
[Date "2024.03.12"]
[Round "4"]
[White "AryanTari"]
[Black "MyDream003"]
[Result "1/2-1/2"]
[WhiteElo "2930"]
[BlackElo "2767"]
[TimeControl "180+1"]
[EndTime "14:39:09 PDT"]
[Termination "Game drawn by repetition"]

1. e4 e5 2. Nf3 Nc6 3. Bb5 Nf6 4. d4 exd4 5. e5 Ne4 6. O-O a6 7. Ba4 Nc5 8. Bxc6 dxc6 9. Nxd4 Ne6 10. Nf3 Qxd1 11.
Rxd1 Be7 12. Nc3 Bd7 13. Ne4 h6 14. h3 O-O-O 15. Be3 b6 16. c4 Kb7 17. Rac1 Bc8 18. Re1 c5 19. Nc3 Bd7 20. Nd5 Rhe8 21. Red1 Bc6 22.
Rd2 Bf8 23. Rcd1 Rd7 24. Nh4 Red8 25. Nf5 a5 26. g4 a4 27. h4 b5 28. b3 b4 29. h5 Ra8 30. Ng3 axb3 31. axb3 Ra3 32. Rd3 Rd8 33. Ne4 Nd4 34. Nxb4 Bxe4 35. Nc2 Bxd3 36.
Nxa3 Be2 37. Rb1 Bxg4 38. Kg2 Bf5 39. Rb2 Be4+ 40. Kg3 Bc6 41. Nb1 Nf5+ 42. Kf4 Nxe3 43. fxe3 Be7 44. Nc3 Bg5+ 45. Kf5 Bd7+ 46. Ke4 Bc6+ 47.
Nd5 Re8 48. b4 cxb4 49. Rxb4+ Kc8 50. Kd4 Kd7 51. e4 Ra8 52. Rb1 Re8 53. Rf1 Rf8 54. Kc5 Bb7 55. Rd1 Kc8 56. Rb1 Re8 57. Rf1 Rf8 58. e6 Bxd5 59. exd5 Be7+ 60. Kc6 fxe6 61. Ra1 Kb8 62. Rb1+ Kc8 63. Ra1 Kb8 64. Rb1+ Kc8 65. Ra1 1/2-1/2